 Dungeon Crawl Stone Soup version 0.16-a0-3807-g3748f16 (webtiles) character file.

4 Ololoev the Caller (level 1, -3/13 HPs)
             Began as a Mummy Summoner on Jan 27, 2015.
             Slain by a giant gecko (4 damage)
             ... on level 1 of the Dungeon.
             The game lasted 00:00:47 (370 turns).

Ololoev the Caller (Mummy Summoner)                  Turns: 370, Time: 00:00:47

Health: -3/13      AC:  2    Str: 11    XL:     1   Next: 50%
Magic:  1/3        EV: 12    Int: 14    God:
Gold:   6          SH:  0    Dex: 12    Spells: 1 memorised, 3 levels left

rFire  x . .     SeeInvis .     d - +0 dagger
rCold  + . .     Clarity  .     a - +0 robe
rNeg   + + +     SustAb   .     (no shield)
rPois  ∞         Gourm    .     (no helmet)
rElec  .         Spirit   .     (no cloak)
rCorr  .         Warding  .     (no gloves)
rMut   .         Stasis   .     (no boots)
MR     .....                    (no amulet)
Stlth  ++........               (no ring)
                                (no ring)

@: not resistant to hostile enchantments, unstealthy
A: no food or potions, fire vulnerability, restore body, cold resistance 1,
negative energy resistance 3, poison resistance, torment resistance, unbreathing
a: no special abilities


You were on level 1 of the Dungeon.
You were not hungry.

You visited 1 branch of the dungeon, and saw 1 of its levels.

You collected 6 gold pieces.

Notes
Turn   | Place    | Note
--------------------------------------------------------------
     0 | D:1      | Ololoev, the Mummy Summoner, began the quest for the Orb.
     0 | D:1      | Reached XP level 1. HP: 13/13 MP: 3/3
   370 | D:1      | Slain by a giant gecko

Inventory:

Hand weapons
 d - a +0 dagger (weapon)
Armour
 a - a +0 robe (worn)
Scrolls
 c - a scroll of identify {unknown}
Books
 b - a book of Callings

   Spells                             Type                      Level
   a - Summon Small Mammal            Summoning                    1
   b - Call Imp                       Summoning                    2
   c - Call Canine Familiar           Summoning                    3
   d - Summon Guardian Golem          Hexes/Summoning              4
   e - Summon Lightning Spire         Summoning/Air                4
   f - Summon Ice Beast               Ice/Summoning                4

Table legend:
 A = Turns spent in this place as a percentage of turns spent in the entire game.
 B = Non-inter-level travel turns spent in this place as a percentage of non-inter-level travel turns spent in the entire game.
 C = Inter-level travel turns spent in this place as a percentage of turns spent in this place.
 D = Turns resting spent in this place as a percentage of non-inter-level travel turns spent in this place.
 E = Turns spent auto-exploring this place as a percentage of non-inter-level travel turns spent in this place.
 F = Non-inter-level travel turns spent in this place divided by the number of levels of this place that you've seen.
                   A       B       C       D       E      F
               +-------+-------+-------+-------+-------+----------------------
         Total | 100.0 | 100.0 |   0.0 |   6.3 |   7.6 |  79.0
       Dungeon | 100.0 | 100.0 |   0.0 |   6.3 |   7.6 |  79.0
               +-------+-------+-------+-------+-------+----------------------


   Skills:
 - Level 1.5 Dodging
 - Level 1.5 Stealth
 - Level 2.0 Spellcasting
 + Level 3.4 Summonings


You had 3 spell levels left.
You knew the following spells:

 Your Spells              Type           Power        Failure   Level  Hunger
a - Summon Small Mammal   Summ           ##..         10%         1    N/A

Dungeon Overview and Level Annotations

Branches:
Dungeon (1/15)

Altars:


Innate Abilities, Weirdness & Mutations

You do not eat or drink.
Your flesh is vulnerable to fire.
Your flesh is cold resistant.
You are immune to negative energy.
Your system is resistant to poisons.
You are immune to unholy pain and torment.
You can survive without breathing.


Message History

Casting: Summon Small Mammal
Confirm with . or Enter, or press ? or * to list all spells.
Your bat hits the kobold. The kobold hits your bat with a dagger.
Your bat barely misses the kobold.
Your bat barely misses the kobold.
Your bat closely misses the kobold.
The kobold hits your bat with a dagger.
Your bat dies!
Your bat's corpse disappears in a puff of smoke!
Your bat completely misses the kobold.
The kobold misses your bat.
Your bat barely misses the kobold.
Your bat closely misses the kobold.
The kobold completely misses your bat.
Your bat closely misses the kobold.
The kobold hits your bat with a dagger.
Your bat hits the kobold but does no damage.
Your bat barely misses the kobold.
The kobold barely misses your bat.
Your bat hits the kobold.
The kobold dies!
Your bat hits the bat. The bat misses your bat.
Your bat barely misses the bat.
The bat barely misses your bat. The bat barely misses your bat.
You swap places.
The bat hits you but does no damage. The bat hits you but does no damage.
You hit the bat.
You kill the bat!
You barely miss the rat. The rat bites you but does no damage.
You hit the rat.
The rat is severely wounded.
The rat bites you but does no damage.
You hit the rat.
You kill the rat!
The giant gecko barely misses you.
You hit the giant gecko but do no damage.
The giant gecko closely misses you.
You miss the giant gecko. The giant gecko barely misses you.
You miss the giant gecko. The giant gecko barely misses you.
You miss the giant gecko. The giant gecko closely misses you.
You hit the giant gecko but do no damage.
The giant gecko bites you. x2
You hit the giant gecko but do no damage.
The giant gecko bites you.
You die...

.......# ....# .
.......# ....# ....
...######.##...#
.....
###.......##...#
....# #.########...#
....+
#.########.#.###....#
#........#..... ....+
#.....##.#.#.###....#
#.....##'#...b@l....#
#######......b###.#.#
#.....#.# # #...###.#
...........#.#
..........#.#
..........#.#
.....###..#=. ....
..###


You could see a giant gecko and 2 friendly bats.

Table legend:
 A = Kills in this place as a percentage of kills in entire the game.
 B = Kills by you in this place as a percentage of kills by you in the entire game.
 C = Kills by friends in this place as a percentage of kills by friends in the entire game.
 D = Other kills in this place as a percentage of other kills in the entire game.
 E = Experience gained in this place as a percentage of experience gained in the entire game.
 F = Experience gained in this place divided by the number of levels of this place that you have seen.
                   A       B       C       D       E      F
               +-------+-------+-------+-------+-------+----------------------
         Total | 100.0 | 100.0 | 100.0 |  -nan | 100.0 |   6.0
       Dungeon | 100.0 | 100.0 | 100.0 |  -nan | 100.0 |   6.0
               +-------+-------+-------+-------+-------+----------------------

Vanquished Creatures
  A hobgoblin (D:1)
  A bat (D:1)
  A rat (D:1)
3 creatures vanquished.

Vanquished Creatures (collateral kills)
  An ooze (D:1)
  A kobold (D:1)
2 creatures vanquished.

Vanquished Creatures (others)
  A quokka (D:1)
  2 bats (D:1)
3 creatures vanquished.

Grand Total: 8 creatures vanquished

Action                   || total
-------------------------++-------
Melee: Dagger            ||    11
       Unarmed           ||     7
 Cast: Summon Small Mamm ||     8

Vault maps used:
D:1:      dpeg_arrival_simpleton_a, hangedman_decor_riveting, corner_web_ring
